Map: [ESL] Waterfall

Players

Lemon

  • Race: Terran Terran
  • Spawn Location: 1:00

Has - Winner!

  • Race: Protoss Protoss
  • Spawn Location: 7:00

Event: DreamHack SC2 Masters 2022 Atlanta (Online)

VOD

Have the link to the VOD?

Description

Time

  • Played on: Sept. 28, 2022, 9:20 a.m.
  • Length: 3:41

All games in this series

Show
View Real Time Build Order
Export as new Build Order

Lemon Terran 

Build Orders:  

Get SALT Encoding   

  12  0:00  SCV  
  13  0:12  SCV  
  14  0:17  Supply Depot  
  14  0:24  SCV  
  15  0:38  SCV  
  15  0:39  Barracks  
  16  0:44  Refinery  
  16  0:50  SCV  
  17  1:03  SCV  
  18  1:25  Marine  
  19  1:48  Marine  
  20  2:06  Marine  
Show
View Real Time Build Order
Export as new Build Order

Has Protoss - Winner!

Build Orders:  

Get SALT Encoding   

  12  0:00  Probe  
  13  0:13  Probe  
  14  0:18  Pylon  
  14  0:25  Probe  
  15  0:36  Pylon  
  15  0:37  Probe  
  17  0:54  Gateway  
  16  0:58  Gateway  
  16  1:01  Probe  
  17  1:10  Pylon  
  17  1:20  Pylon  
  17  1:24  Pylon  
  17  1:25  Pylon  
  17  1:28  Pylon  
  17  1:32  Pylon  
  17  1:38  Pylon  
  17  1:43  Zealot (Chrono Boost)  
  21  1:53  Zealot (Chrono Boost), Pylon  
  21  2:00  Pylon  
  21  2:07  Pylon  
  21  2:11  Zealot (Chrono Boost)  
Tags
 
Add a new tag
Caveats
  • Supply blocks, unpowered buildings, or Contaminate may cause inaccurate times.
  • Supply counts are checked every 10 seconds.